 Dungeon Crawl Stone Soup version 0.26-a0-478-g6c97825307 (webtiles) character file.

Game seed: 12496460965531726465

774 Infinimo the Slasher (level 7, -4/55 HPs)
             Began as a Demonspawn Fighter on July 31, 2020.
             Killed by divine providence
             ... invoked by an orc priest
              (15 damage)
             ... on level 5 of the Dungeon.
             The game lasted 00:04:58 (5360 turns).

Infinimo the Slasher (Demonspawn Fighter)           Turns: 5360, Time: 00:04:59

Health: -4/55      AC:  7    Str: 18    XL:     7   Next: 53%
Magic:  16/16      EV:  7    Int:  9    God:
Gold:   177        SH:  9    Dex: 13    Spells: 6/6 levels left

rFire    . . .     SeeInvis .   a - +0 long sword
rCold    . . .     Faith    .   r - +0 kite shield
rNeg     . . .     Spirit   .   b - +0 scale mail
rPois    .         Reflect  .   (no helmet)
rElec    .         Harm     .   (no cloak)
rCorr    .                      (no gloves)
MR       .....                  (no boots)
Stlth    ..........             n - amulet of magic regeneration
HPRegen  0.18/turn              (no ring)
MPRegen  0.40/turn              q - ring of magical power

@: no status effects
A: claws 1, spiny 2, rot immunity
a: no special abilities


You were on level 5 of the Dungeon.
You visited 1 branch of the dungeon, and saw 5 of its levels.

You collected 177 gold pieces.

Inventory:

Hand Weapons
 a - a +0 long sword (weapon)
Armour
 b - a +0 scale mail (worn)
 r - a +0 kite shield (worn)
Jewellery
 d - an uncursed ring of stealth {unknown}
 f - an uncursed ring of wizardry {unknown}
 n - an amulet of magic regeneration (around neck)
 q - a ring of magical power (right claw)
Scrolls
 e - a scroll of fear
 g - 2 scrolls of remove curse
 i - a scroll of identify
 k - 3 scrolls of magic mapping
 m - a scroll of enchant weapon {unknown}
Potions
 h - 3 potions of curing
 j - a potion of cancellation
 l - a potion of heal wounds


   Skills:
 + Level 4.7 Fighting
 * Level 5.1 Long Blades
 + Level 4.3 Armour
 + Level 4.3 Shields


You had 6 spell levels left.
You didn't know any spells.
Your spell library was empty.

Dungeon Overview and Level Annotations

Branches:
Dungeon (5/15)
 Temple: D:4-7

Altars:
Makhleb
Nemelex Xobeh


Innate Abilities, Weirdness & Mutations

You have sharp fingernails.
You are mostly covered in sharp spines.
You are immune to rotting.


Message History

You are too injured to fight recklessly!
You are too injured to fight recklessly!
You are too injured to fight recklessly!
You are too injured to fight recklessly!
You are too injured to fight recklessly!
You are too injured to fight recklessly!
You are too injured to fight recklessly!
You are too injured to fight recklessly!
Things that are here:
a jackal corpse; a jackal corpse You see here an arrow.
The orc is struck by your spines. The orc hits you with a +0 flail.
The orc priest calls upon Beogh to heal the orc.
The orc's wounds heal themselves!
The orc priest invokes the aid of Beogh against you.
Pain shoots through your body!
* * * LOW HITPOINT WARNING * * *
The orc priest mumbles some strange prayers to Beogh against you.
Beogh smites you!
You die...

#.............##......###...
#.............##.....#####..
.............###...###.###.
...........# #..###._.###
#)........# #...###.###.
#.........# ###..#'#'#..
#..(.o....# ##..###..#
#..†oo.o..# ##..#..##
#)#####@.## #....## #. ##.#
#...## #. #.# #.### #. #.#
#(# #. #.# #.# #. #.#
#####.## #. #.# #......# #.#
#....).# #.# #......#


You could see 2 orc priests and 2 orcs.

Vanquished Creatures
  Edmund (D:5)
  A centaur (D:5)
  3 orc priests
  3 hounds
  3 orc wizards (D:4)
  2 iguanas
  4 worker ants
  2 hound zombies (D:5)
  7 adders
  A worm (D:2)
  2 dart slugs
  2 leopard geckos
  6 orcs
  2 bats (D:2)
  7 giant cockroaches
  4 goblins
  2 hobgoblins
  16 jackals
  10 kobolds
  3 quokkas
  2 ball pythons
  5 frilled lizards
  8 rats
96 creatures vanquished.

Notes
Turn   | Place    | Note
-------+----------+-------------------------------------------
     0 | D:1      | Infinimo the Demonspawn Fighter began the quest for the
                  | Orb.
     0 | D:1      | Reached XP level 1. HP: 18/18 MP: 1/1
   223 | D:1      | Reached skill level 2 in Long Blades
   227 | D:1      | Gained mutation: You are partially covered in sharp spines.
                  | [demonic ancestry]
   227 | D:1      | Reached XP level 2. HP: 18/24 MP: 2/2
  1506 | D:2      | Gained mutation: You are immune to rotting. [demonic
                  | ancestry]
  1506 | D:2      | Reached XP level 3. HP: 28/29 MP: 3/3
  1950 | D:2      | Reached XP level 4. HP: 35/35 MP: 4/4
  2418 | D:3      | Found a burning altar of Makhleb.
  2494 | D:3      | Reached skill level 3 in Long Blades
  3140 | D:4      | Reached XP level 5. HP: 33/42 MP: 5/5
  3150 | D:4      | HP: 2/42 [worker ant (3)]
  3644 | D:4      | Gained mutation: You have sharp fingernails. [demonic
                  | ancestry]
  3644 | D:4      | Reached XP level 6. HP: 48/48 MP: 6/6
  3669 | D:4      | HP: 1/48 [orc priest/divine providence (10)]
  4073 | D:4      | Reached skill level 4 in Long Blades
  4881 | D:5      | Entered Level 5 of the Dungeon
  4881 | D:5      | Noticed Edmund
  4900 | D:5      | Killed Edmund
  4900 | D:5      | Gained mutation: You are mostly covered in sharp spines.
                  | [demonic ancestry]
  4900 | D:5      | Reached XP level 7. HP: 14/55 MP: 7/7
  5163 | D:5      | Found a sparkling altar of Nemelex Xobeh.
  5343 | D:5      | Reached skill level 5 in Long Blades
  5360 | D:5      | Killed from afar by an orc priest

Illustrated notes

Levels and vault maps discovered:
D:1:      eino_arrival_cavern_d, layout_basic, minmay_tromino_v4_b
D:2:      layout_basic, moated_statue
D:3:      layout_loops_corners, lemuel_crystal_altar
D:4:      layout_cave_pools
D:5:      wander_river, layout_basic, minmay_temple_entry_proselytizer,
          nemelex_diamond_rough_becter, uniq_edmund

Skill      XL: |  1  2  3  4  5  6  7 |
---------------+----------------------+-----
Long Blades    | 2 3 4 5 |  5.1
Shields        | 3 4 |  4.3
Armour         | 3 4 |  4.3
Fighting       | 4 |  4.7

Action                   |  1- 3 |  4- 6 |  7- 9 || total
-------------------------+-------+-------+-------++-------
Melee: Long sword        |    95 |   159 |    36 ||   290
  Use: Scroll            |       |    10 |       ||    10
       Potion            |       |     6 |       ||     6
Armor: Scale mail        |    51 |    72 |    12 ||   135
Dodge: Dodged            |    32 |    43 |    15 ||    90
Block: Kite shield       |    49 |    97 |    24 ||   170
       Rpst.: Long sword |    11 |    11 |     3 ||    25

Table legend: (Time is in decaauts)
 A = Elapsed time spent in this place.
 B = Non-inter-level travel time spent in this place.
 C = Inter-level travel time spent in this place.
 D = Time resting spent in this place.
 E = Time spent auto-exploring this place.
 F = Levels seen in this place.
 G = Mean time per level.
                   A        B        C        D        E       F      G
               +--------+--------+--------+--------+--------+-----+--------+
         Total |   5436 |   5311 |    125 |   1165 |   3462 |   5 | 1087.2 |
       Dungeon |   5436 |   5311 |    125 |   1165 |   3462 |   5 | 1087.2 |
               +--------+--------+--------+--------+--------+-----+--------+

Top non-repeatable levels by time:
     D:4: 1368 daAuts
     D:3: 1326 daAuts
     D:1: 1238 daAuts
     D:2: 1031 daAuts
     D:5: 471 daAuts
